 Dungeon Crawl Stone Soup version 0.31.0-9-g3a7656b989 (webtiles) character file.

Game seed: 14886573883193539330

49 qw the Shooter (level 3, 0/20 HPs)
             Began as a Deep Elf Hunter on Feb 2, 2024.
             Slain by an orc wizard
             ... wielding a +0 dagger
              (3 damage)
             ... on level 3 of the Dungeon.
             The game lasted 00:00:04 (1318 turns).

qw the Shooter (Deep Elf Hunter)                    Turns: 1318, Time: 00:00:05

Health: 0/20       AC:  3    Str: 10    XL:     3   Next: 51%
Magic:  5/5        EV: 12    Int: 13    God:
Gold:   98         SH:  0    Dex: 18    Spells: 2/2 levels left

rFire   . . .        a - +2 shortbow
rCold   . . .        (shield currently unavailable)
rNeg    . . .        c - +0 leather armour
rPois   +            (no helmet)
rElec   .            (no cloak)
rCorr   .            (no gloves)
SInv    .            (no boots)
Will    .....        (no amulet)
Stlth   ++           d - ring of poison resistance
HPRegen 0.23/turn    (no ring)
MPRegen 0.09/turn

%: no passive effects
@: mighty
A: no striking features
a: no special abilities


You were on level 3 of the Dungeon.
You visited 1 branch of the dungeon, and saw 3 of its levels.

You collected 98 gold pieces.


   Skills:
 - Level 1.5 Fighting
 + Level 7.0 Ranged Weapons
 - Level 2.4 Dodging
 - Level 1.2 Stealth


You had 2 spell levels left.
You didn't know any spells.
Your spell library was empty.

Inventory:

Hand Weapons
 a - a +2 shortbow (weapon)
Armour
 c - a +0 leather armour (worn)
Jewellery
 d - a ring of poison resistance (left hand)
Potions
 b - a potion of attraction {unknown}
 e - a potion of magic {unknown}
 f - a potion of berserk rage {unknown}
 g - a potion of might

Dungeon Overview and Level Annotations

Branches:
Dungeon (3/15)

Altars:
Gozag


Message History

You climb downwards.
The orc shouts! x2; The adder hisses angrily.
The orc wizard shouts!
The orc priest shouts!
You hear a shout!
Found 2 murky green potions.
There is a stone staircase leading up here.
There are monsters nearby!
Waypoint 2 assigned to D:3.
1310 ||| RETREEEEATING.
The orc wizard barely misses you.
1311 ||| RETREEEEATING.
The orc wizard hits you with a +0 dagger.
The orc hits you but does no damage. The orc barely misses you.
1312 ||| RETREEEEATING.
1313 ||| RETREEEEATING.
The orc misses you.
1314 ||| RETREEEEATING.
The orc barely misses you.
You shoot an arrow. The arrow hits the orc priest.
The orc priest is lightly wounded.
The orc hits you but does no damage. The orc misses you.
The orc priest hits you with a +0 dagger.
The adder barely misses you.
You shoot an arrow. The arrow hits the orc priest.
The orc priest is heavily wounded.
The adder closely misses you.
The orc priest hits you with a +0 dagger.
You shoot an arrow.
The arrow closely misses the orc priest.
The arrow hits the orc!
You kill the orc!
The adder closely misses you.
The orc priest invokes the aid of Beogh against you.
Beogh smites you!
Ouch! That really hurt!
You shoot an arrow.
The arrow closely misses the orc priest.
The arrow hits the orc.
The orc is heavily wounded.
The adder misses you.
The orc wizard hits you with a +0 dagger.
You die...

#########
#@oo....#
#So.....#
#.o.....#
#....<..#
#.......#
###..##....
..... .####
.....####
.....#.#


You could see an orc priest, an orc wizard, an adder and 2 orcs.

Vanquished Creatures
  An adder (D:2)
  2 ribbon worms (D:2)
  An orc (D:3)
  8 ball pythons
  3 endoplasms
  A giant cockroach (D:1)
  4 goblins
  2 hobgoblins
  5 bats
  2 frilled lizards
  4 kobolds (D:2)
  2 rats
35 creatures vanquished.

Notes
Turn   | Place    | Note
-------+----------+-------------------------------------------
     0 | D:1      | qw the Deep Elf Hunter began the quest for the Orb.
     0 | D:1      | Reached XP level 1. HP: 12/12 MP: 3/3
     0 | D:1      | 0 ||| qw: Version: 0.3-a-155-g5e7d8dd
     0 | D:1      | 0 ||| qw: Game counter: 743
     0 | D:1      | 0 ||| qw: Melee chars always use a shield: true
     0 | D:1      | 0 ||| qw: God list: Okawaru
     0 | D:1      | 0 ||| qw: Allow faded altars: false
     0 | D:1      | 0 ||| qw: Do Orc after clearing Dungeon:15 true
     0 | D:1      | 0 ||| qw: Do second Lair branch before Depths: true
     0 | D:1      | 0 ||| qw: Lair rune preference: random
     0 | D:1      | 0 ||| qw: Goals: Normal
     0 | D:1      | 0 ||| PLANNING D:1-11
   170 | D:1      | Reached XP level 2. HP: 16/16 MP: 4/4
   200 | D:1      | Reached skill level 6 in Ranged Weapons
   669 | D:1      | 669 ||| UPGRADING to ring of poison resistance.
   670 | D:1      | 670 ||| READING scroll labelled VOURCH OMANACAD.
   671 | D:1      | 671 ||| DROPPING scroll of butterflies.
   836 | D:2      | Reached XP level 3. HP: 18/20 MP: 5/5
   874 | D:2      | Noticed a golden eye
   878 | D:2      | Found a faded altar of an unknown god.
   882 | D:2      | Noticed a golden eye
   882 | D:2      | Noticed an eye of devastation
   882 | D:2      | Noticed an eye of devastation
   934 | D:2      | Reached skill level 7 in Ranged Weapons
   979 | D:2      | Found an opulent altar of Gozag.
  1285 | D:2      | 1285 ||| READING 2 scrolls labelled NAODEI SAPHUUWNU.
  1285 | D:2      | 1285 ||| ENCHANTING +0 shortbow.
  1286 | D:2      | 1286 ||| READING scroll of enchant weapon.
  1286 | D:2      | 1286 ||| ENCHANTING +1 shortbow.
  1287 | D:2      | 1287 ||| READING scroll labelled EFAXZA TEUL.
  1290 | D:2      | 1290 ||| READING scroll labelled FURYIM JAS.
  1291 | D:2      | 1291 ||| READING scroll labelled NIDYS UPNUMYFE.
  1292 | D:2      | 1292 ||| DRINKING 2 brown potions.
  1310 | D:3      | 1310 ||| RETREEEEATING.
  1311 | D:3      | 1311 ||| RETREEEEATING.
  1312 | D:3      | 1312 ||| RETREEEEATING.
  1313 | D:3      | 1313 ||| RETREEEEATING.
  1314 | D:3      | 1314 ||| RETREEEEATING.
  1317 | D:3      | HP: 3/20 [orc priest/divine providence (13)]
  1318 | D:3      | Slain by an orc wizard

Levels and vault maps discovered:
D:1:      dpeg_arrival_three_same_balls, layout_basic
D:2:      layout_loops_cross, hellmonk_ecumenical_altar_watching_god,
          basic_altar, feat_on_display
D:3:      layout_rooms, serial_aquarium, aquarium_bridge_square
          [aquarium_subvault_bridge, aquarium_subvault_bridge,
          aquarium_subvault_window, aquarium_subvault_window],
          aquarium_bridge_island_small [aquarium_subvault_small_open,
          aquarium_subvault_bridge, aquarium_subvault_wall,
          aquarium_subvault_window, aquarium_subvault_bridge],
          aquarium_window_fake, aquarium_window_1, aquarium_window_fake,
          aquarium_window_2, aquarium_view_2c, aquarium_balcony_3b

Skill      XL: |  1  2  3 |
---------------+----------+-----
Ranged Weapons | 6 7 |  7.0
Fighting       | |  1.5
Dodging        | |  2.4
Stealth        | |  1.2

Action                     || total
---------------------------++-------
   Fire: Shortbow          ||   100
    Use: Scroll            ||     6
         Potion            ||     1
 Armour: Leather armour    ||    22
  Dodge: Dodged            ||    23

Table legend:
 A = Non-vault XP
 B = Vault XP
 C = Vault XP percentage of total XP
 D = Non-vault monster count
 E = Vault monster count
 F = Vault count percentage of total count
                 A         B        C        D         E       F
            +---------+---------+-------+---------+---------+-------
      Total |      70 |       0 |   0.0 |      35 |       0 |   0.0
            +---------+---------+-------+---------+---------+-------
        D:1 |      28 |       0 |   0.0 |      17 |       0 |   0.0
        D:2 |      39 |       0 |   0.0 |      17 |       0 |   0.0
        D:3 |       3 |       0 |   0.0 |       1 |       0 |   0.0
            +---------+---------+-------+---------+---------+-------
